 Dungeon Crawl Stone Soup version 0.19-a0-1855-gb7442ac (webtiles) character file.

1349 redpanda the Caller (level 8, -7/45 HPs)
             Began as a Gargoyle Summoner on Oct 11, 2016.
             Mangled by an ogre
             ... wielding a +0 giant club
              (12 damage)
             ... on level 7 of the Dungeon.
             The game lasted 00:15:10 (6423 turns).

redpanda the Caller (Gargoyle Summoner)             Turns: 6423, Time: 00:15:11

Health: -7/45      AC: 10    Str: 13    XL:     8   Next: 63%
Magic:  7/15       EV: 12    Int: 17    God:
Gold:   322        SH:  3    Dex: 10    Spells: 4 memorised, 6 levels left

rFire  . . .     SeeInvis .     r - +1 dagger (speed)
rCold  . . .     Gourm    .     Q - +0 ring mail
rNeg   + . .     Faith    .     n - +0 buckler
rPois  ∞         Spirit   .     (no helmet)
rElec  +         Dismiss  .     (no cloak)
rCorr  .         Reflect  .     (no gloves)
MR     .....     Harm     .     (no boots)
Stlth  ++........               d - amulet of regeneration
                                (no ring)
                                F - +2 ring of evasion

@: no status effects
A: negative energy resistance 1, electricity resistance, unbreathing,
petrification resistance, rot immunity, AC +5
a: no special abilities


You were on level 7 of the Dungeon.
You were hungry.

You visited 1 branch of the dungeon, and saw 7 of its levels.

You collected 322 gold pieces.

Inventory:

Hand Weapons
 m - a +0 short sword
 r - a +1 dagger of speed (weapon)
 u - a +2 dagger of chaos
Armour
 a - a +0 robe
 l - a +2 shield
 n - a +0 buckler (worn)
 H - the +7 chain mail of Peek-a-Boo {+Fly Regen+ Dex-5}
   (You found it on level 6 of the Dungeon)

   It affects your dexterity (-5).
   It lets you fly.
   It increases your rate of regeneration.
 Q - a +0 ring mail (worn)
Jewellery
 d - an amulet of regeneration (around neck)
 t - an uncursed amulet of guardian spirit
 F - a +2 ring of evasion (left hand)
 N - an uncursed ring of fire
Wands
 z - a wand of polymorph (10/24)
 K - a wand of iceblast (4/15)
 L - a wand of slowing (35/48)
 P - a wand of polymorph (5/24)
Scrolls
 e - 4 scrolls of remove curse {unknown}
 f - a scroll of teleportation {unknown}
 g - a scroll of immolation
 h - 2 scrolls of random uselessness {unknown}
 j - a scroll of amnesia {unknown}
 k - 5 scrolls of identify
 o - a scroll of enchant armour {unknown}
 x - a scroll of noise {unknown}
 y - a scroll of enchant weapon
 C - a scroll of fear
 G - a scroll of magic mapping {unknown}
 J - a scroll of blinking {unknown}
 M - a scroll of fog {unknown}
Potions
 q - 4 potions of curing {unknown}
 s - 2 potions of degeneration {unknown}
 v - a potion of resistance {unknown}
 w - 2 potions of cure mutation {unknown}
 A - 2 potions of haste {unknown}
 B - a potion of ambrosia
 D - 2 potions of heal wounds {unknown}
 E - a potion of flight {unknown}
 I - a potion of mutation {unknown}
 O - a potion of agility {unknown}
Books
 b - a book of Callings

   Spells                             Type                      Level
   a - Summon Small Mammal            Summoning                    1
   b - Call Imp                       Summoning                    2
   c - Call Canine Familiar           Summoning                    3
   d - Summon Guardian Golem          Hexes/Summoning              3
   e - Summon Lightning Spire         Summoning/Air                4
   f - Summon Ice Beast               Ice/Summoning                4
 p - a book of Misfortune

   Spells                             Type                      Level
   a - Confusing Touch                Hexes                        1
   b - Confuse                        Hexes                        3
   c - Gell's Gravitas                Hexes/Translocation          3
   d - Petrify                        Transmutation/Earth          4
   e - Metabolic Englaciation         Hexes/Ice                    5
   f - Yara's Violent Unravelling     Hexes/Transmutation          5
Comestibles
 c - 5 bread rations
 i - 2 meat rations
 R - 3 chunks of flesh


   Skills:
 + Level 2.9 Fighting
 + Level 1.5 Armour
 + Level 3.3 Dodging
 + Level 3.9 Stealth
 + Level 4.9 Spellcasting
 * Level 7.2 Summonings


You had 6 spell levels left.
You knew the following spells:

 Your Spells              Type           Power        Failure   Level  Hunger
a - Summon Small Mammal   Summ           ####         3%          1    None
b - Call Imp              Summ           ####....     6%          2    #......
c - Summon Lightning Spi  Summ/Air       ###.....     95%         4    ####...
d - Call Canine Familiar  Summ           ####....     12%         3    ###....


Dungeon Overview and Level Annotations

Branches:
Dungeon (7/15)             Temple (0/1) D:7

Altars:
Ashenzari
Cheibriados
Dithmenos
Elyvilon
Kikubaaqudgha
Makhleb
Sif Muna
Xom
Zin
The Shining One


Innate Abilities, Weirdness & Mutations

You are resistant to torment.
Your stone body is resilient. (AC +5)
You are immune to poison.
You resist negative energy. (rN+)
You are resistant to electric shocks. (rElec)
You can survive without breathing.
You are immune to petrification.
You are immune to rotting.


Message History

The ogre is heavily wounded.
You block the ogre's attack.
You hit the ogre.
The ogre is severely wounded.
Unknown command.
You hit the ogre.
The ogre is severely wounded.
The ogre hits you with a giant club!
* * * LOW HITPOINT WARNING * * *
Unknown command.
You hit the ogre.
The ogre is severely wounded.
Your white imp misses the phantom.
Unknown command.
You barely miss the ogre.
The ogre is severely wounded.
Your white imp gestures at the phantom.
The puff of frost hits the phantom.
The phantom resists.
The ogre hits you with a giant club!
You die...

#....##..............
##....##........?.....
#.....................
#...........W....$....
#.....W...#..#..(.....
#....5.5..#..#§.......
#...5.....##.#........
#....O....##.#........
#....@....##>.........
#.........######'#'##.
###÷†...#.# #.#.##.
#.....#.# #.#.##.
#.....#.# #.#.##.
#.....# #.#.###
#.....# #>#.###
####### #.#...5
#.#####


You could see a phantom, an ogre, a friendly crimson imp and 2 friendly white
imps.

Vanquished Creatures
  An ice beast (D:6)
  A phantom (D:4)
  2 ogres (D:6)
  2 water moccasin zombies (D:7)
  A scorpion (D:6)
  A howler monkey (D:5)
  4 crimson imps (D:3)
  2 hounds
  A bullfrog skeleton (D:6)
  A worker ant (D:5)
  3 iguanas
  A hound zombie (D:6)
  A worker ant zombie (D:6)
  3 gnolls (D:3)
  2 adders
  4 worms
  4 leopard geckos
  An orc (D:5)
  A bat (D:1)
  2 giant cockroaches
  3 goblins
  2 hobgoblins (D:1)
  A jackal (D:4)
  6 kobolds
  A quokka (D:2)
  3 frilled lizards
  A giant cockroach zombie (D:5)
  A quokka skeleton (D:6)
  6 rats
62 creatures vanquished.

Vanquished Creatures (collateral kills)
  An ice beast (D:6)
  2 phantoms
  A black bear (D:6)
  2 ogres
  A bullfrog (D:6)
  A howler monkey (D:7)
  A crimson imp (D:5)
  A hound (D:6)
  A jelly (D:6)
  An iguana (D:6)
  A hound zombie (D:7)
  A gnoll (D:3)
  2 adders
  A shadow imp (D:7)
  2 worms (D:2)
  2 dart slugs (D:1)
  A leopard gecko (D:3)
  A bat (D:2)
  A goblin (D:3)
  A hobgoblin (D:3)
  2 quokkas
  A frilled lizard (D:3)
28 creatures vanquished.

Vanquished Creatures (others)
  A worm (D:4)
1 creature vanquished.

Grand Total: 91 creatures vanquished

Notes
Turn   | Place    | Note
-------+----------+-------------------------------------------
     0 | D:1      | redpanda the Gargoyle Summoner began the quest for the Orb.
     0 | D:1      | Reached XP level 1. HP: 10/10 MP: 3/3
   273 | D:1      | Reached XP level 2. HP: 11/15 MP: 5/5
   285 | D:1      | Learned a level 2 spell: Call Imp
   500 | D:1      | Reached skill level 4 in Summonings
   804 | D:2      | Reached XP level 3. HP: 16/19 MP: 3/6
  1196 | D:2      | Found a white marble altar of Elyvilon.
  1563 | D:3      | Found a glowing golden altar of the Shining One.
  1684 | D:3      | Found a deep blue altar of Sif Muna.
  1763 | D:3      | Found a shimmering altar of Xom.
  1807 | D:3      | Reached XP level 4. HP: 17/24 MP: 2/7
  1879 | D:3      | Reached skill level 1 in Fighting
  1879 | D:3      | Reached XP level 5. HP: 26/29 MP: 4/9
  2313 | D:3      | Reached skill level 5 in Summonings
  2552 | D:4      | Found a shadowy altar of Dithmenos.
  2669 | D:4      | Reached XP level 6. HP: 30/34 MP: 10/10
  2680 | D:4      | Found a shattered altar of Ashenzari.
  2876 | D:4      | Noticed a phantom
  2905 | D:4      | Killed a phantom
  3133 | D:5      | Entered Level 5 of the Dungeon
  3137 | D:5      | Found a snail-covered altar of Cheibriados.
  3514 | D:5      | Found a glowing silver altar of Zin.
  3947 | D:5      | Noticed a phantom
  3948 | D:5      | Reached XP level 7. HP: 11/39 MP: 11/11
  4283 | D:5      | Found an ancient bone altar of Kikubaaqudgha.
  4291 | D:5      | Found a burning altar of Makhleb.
  4649 | D:6      | Reached skill level 6 in Summonings
  4814 | D:6      | Reached XP level 8. HP: 44/45 MP: 14/14
  4820 | D:6      | Learned a level 4 spell: Summon Lightning Spire
  4824 | D:6      | Learned a level 3 spell: Call Canine Familiar
  4993 | D:6      | Got a crude chain mail
  5004 | D:6      | Identified the +7 chain mail of Peek-a-Boo {+Fly Regen+ Dex-5} (You found it on level 6 of the Dungeon)
  5694 | D:6      | Reached skill level 1 in Armour
  6009 | D:7      | Reached skill level 7 in Summonings
  6069 | D:7      | Found a glowing silver altar of Zin.
  6303 | D:7      | Found a staircase to the Ecumenical Temple.
  6423 | D:7      | Mangled by an ogre

Vault maps used:
D:1:      dpeg_arrival_short_road
D:2:      old_standard_altar, first_bread
D:3:      lemuel_crystal_altar, nicolae_overflow_hidden_temple, led_xom_imps
D:4:      nicolae_dithmenos_shadow_blocks, marbit_many_paths,
          minmay_misc_feat_more_columns, kennysheep_generic_room_8
D:5:      zin_academy, slow_altar_1, minitemple
D:6:      serial_bayou_lagoon_a
D:7:      gammafunk_temple_overflow_statue, basic_altar, enter_bailey_7,
          nicolae_ossuary_entry_giza

Skill      XL: |  1  2  3  4  5  6  7  8 |
---------------+-------------------------+-----
Summonings     | 4 5 6 7 |  7.2
Dodging        | 2 3 |  3.3
Fighting       | 1 2 |  2.9
Spellcasting   | 3 4 |  4.9
Stealth        | 3 |  3.9
Armour         | 1 |  1.5

Action                   |  1- 3 |  4- 6 |  7- 9 || total
-------------------------+-------+-------+-------++-------
Melee: Unarmed           |    22 |       |       ||    22
       Dagger            |   113 |   228 |   292 ||   633
       Short sword       |    23 |       |       ||    23
 Cast: Summon Small Mamm |     4 |       |       ||     4
       Call Imp          |    14 |    16 |    49 ||    79
       Call Canine Famil |       |       |     4 ||     4
  Use: Scroll            |       |       |     4 ||     4
 Stab: Sleeping          |     3 |     3 |     2 ||     8
       Distracted        |       |     2 |     4 ||     6
       Petrified         |       |     3 |       ||     3
  Eat: Chunk             |     4 |     6 |     5 ||    15
       Pizza             |       |       |     1 ||     1
       Meat ration       |       |       |     1 ||     1
Armor: Robe              |    30 |    56 |    17 ||   103
       Chain mail        |       |       |    68 ||    68
       Ring mail         |       |       |    53 ||    53
Dodge: Dodged            |    75 |   109 |   165 ||   349
Block: Buckler           |     7 |    22 |    38 ||    67
